 Dungeon Crawl Stone Soup version 0.28.0 (webtiles) character file.

Game seed: 7073504898572197392

842 Findor the Cudgeller (level 8, 0/46 HPs)
             Began as a Gargoyle Berserker on Feb 8, 2022.
             Was an Elder of Trog.
             Killed by nerve-wracking pain
             ... invoked by a shadow imp
             ... summoned by Eustachio
              (6 damage)
             ... on level 4 of the Dungeon.
             The game lasted 00:10:41 (5808 turns).

Findor the Cudgeller (Gargoyle Berserker)           Turns: 5808, Time: 00:10:41

Health: 0/46       AC: 20    Str: 27      XL:     8   Next: 0%
Magic:  8/8        EV:  7    Int:  7      God:    Trog [****..]
Gold:   166        SH:  7    Dex:  7 (9)  Spells: 7/7 levels left

rFire   . . .      SeeInvis .   b - +0 flail (drain)
rCold   . . .      Faith    .   h - +0 kite shield
rNeg    + . .      Spirit   .   m - +5 chain mail "Peeppal" {+Inv Fly Str+3}
rPois   ∞          Reflect  .   (no helmet)
rElec   +          Harm     .   d - +0 cloak
rCorr   .          Rampage  .   (no gloves)
Will    .....                   (no boots)
Stlth   ..........              (no amulet)
HPRegen 0.15/turn               (no ring)
MPRegen 0.11/turn               (no ring)

@: mighty, flying
A: sickness immunity, AC +5, negative energy resistance 1, electricity
resistance, torment resistance 1, petrification resistance
a: Renounce Religion, Evoke Invisibility, Berserk, Trog's Hand, Brothers in Arms


You were on level 4 of the Dungeon.
You worshipped Trog.
Trog was greatly pleased with you.
You visited 1 branch of the dungeon, and saw 5 of its levels.
You also visited: Sewer.

You collected 166 gold pieces.


Innate Abilities, Weirdness & Mutations

You are immune to sickness and miasma.
Your stone body is resilient. (AC +5)
You are immune to poison.
You resist negative energy. (rN+)
You are resistant to electric shocks. (rElec)
You are resistant to unholy torment.
You are immune to petrification.


   Skills:
 - Level 3.5 Fighting
 - Level 2.9 Short Blades
 * Level 7.3 Maces & Flails
 - Level 2.5 Armour
 - Level 1.8 Dodging
 + Level 4.0 Shields


You had 7 spell levels left.
You didn't know any spells.
Your spell library was empty.

Inventory:

Hand Weapons
 a - a +0 whip
   (You found it on level 1 of the Dungeon)
 b - a +0 flail of draining (weapon)
   (You found it on level 4 of the Dungeon)
Missiles
 s - 2 boomerangs (quivered)
 x - 3 curare-tipped darts
Armour
 d - a +0 cloak (worn)
   (You found it on level 1 of the Dungeon)
 h - a +0 kite shield (worn)
   (You found it on level 3 of the Dungeon)
 m - the +5 chain mail "Peeppal" (worn) {+Inv Fly Str+3}
   (You found it on level 2 of the Dungeon)

   Str:       It affects your strength (+3).
   +Inv:      It lets you turn invisible.
   Fly:       It grants you flight.
Wands
 e - a wand of mindburst (13)
   (You found it on level 4 of the Dungeon)
Scrolls
 c - 3 scrolls of enchant armour {unknown}
 f - a scroll of fear {unknown}
 g - 2 scrolls of vulnerability {unknown}
 j - 3 scrolls of teleportation {unknown}
 k - 3 scrolls of fog {unknown}
 l - a scroll of amnesia {unknown}
 n - a scroll of brand weapon {unknown}
 p - a scroll of summoning {unknown}
 r - a scroll of identify {unknown}
 u - 2 scrolls of blinking {unknown}
 w - a scroll of magic mapping {unknown}
Potions
 i - a potion of magic {unknown}
 o - a potion of attraction {unknown}
 q - a potion of ambrosia {unknown}
 t - a potion of might
 v - a potion of curing {unknown}
 z - a potion of lignification {unknown}


Message History

The quasit closely misses you. The shadow imp hits you.
* * * LOW HITPOINT WARNING * * *
You block Eustachio's attack.
Unknown command.
Unknown command.
You closely miss Eustachio. The quasit bites you.
* * * LOW HITPOINT WARNING * * *
The quasit claws you but does no damage.
You block the quasit's attack. The shadow imp completely misses you.
Eustachio barely misses you.
The quasit bites you but does no damage.
The quasit claws you but does no damage.
The quasit barely misses you.
Okay, then.
It was a potion of might.
You feel very mighty all of a sudden.
The shadow imp hits you but does no damage.
Eustachio hits you but does no damage. The quasit completely misses you.
You block the quasit's attack.
The quasit claws you but does no damage.
You closely miss Eustachio.
The quasit bites you but does no damage.
The quasit claws you but does no damage.
You block the quasit's attack.
The shadow imp hits you but does no damage.
Eustachio hits you with a +0 rapier.
* * * LOW HITPOINT WARNING * * *
You block the quasit's attack.
The quasit claws you but does no damage.
The quasit barely misses you.
You miss Eustachio. You block the shadow imp's attack.
Eustachio casts a spell.
You block the quasit's attack.
The quasit claws you but does no damage. x2
The shadow imp hits you but does no damage.
You block Eustachio's attack.
Unknown command.
You closely miss Eustachio.
The quasit disappears in a puff of smoke!
The shadow imp completely misses you. You block Eustachio's attack.
Okay, then.
You barely miss Eustachio. The shadow imp gestures at you.
Pain shoots through your body!
* * * LOW HITPOINT WARNING * * *
You block Eustachio's attack. You block the quasit's attack.
The quasit claws you but does no damage. x2
The shadow imp gestures at you. Pain shoots through your body!
You die...

###...###............
##.## #............ #.#
#.###........ #.#
##.###..#...##
#####.###....).###....
#..........##### #....
#..........# ##...
#...55.....# #...
#...@@.)...## #^..
#...5.>.....# #...
#....)>.....# ###...
#........[..# #.....
#...........# #.###.
#...........## ##.# #.
###########..###..###.
##.##.......
##############...........


You could see Eustachio (drained), a quasit (summoned) and 2 shadow imps.

Vanquished Creatures
  Blork the orc (D:4)
  4 kobold brigands (Sewer)
  A scorpion (D:4)
  A bullfrog skeleton (D:5)
  A hound (D:5)
  An orc priest (D:4)
  2 orc wizards (D:3)
  6 adders
  7 gnolls
  An ufetubus (D:4)
  An adder skeleton (D:4)
  6 worms
  2 dart slugs
  17 orcs
  11 ball pythons
  6 bats
  11 endoplasms
  5 giant cockroaches
  6 goblins
  6 hobgoblins
  15 jackals
  5 quokkas
  4 frilled lizards
  7 kobolds
  9 rats
136 creatures vanquished.

Vanquished Creatures (others)
  7 plants (D:3)
7 creatures vanquished.

Grand Total: 143 creatures vanquished

Notes
Turn   | Place    | Note
-------+----------+-------------------------------------------
     0 | D:1      | Findor the Gargoyle Berserker began the quest for the Orb.
     0 | D:1      | Reached XP level 1. HP: 14/14 MP: 1/1
   203 | D:1      | Reached XP level 2. HP: 17/19 MP: 2/2
   891 | D:1      | Reached skill level 1 in Maces & Flails
   892 | D:1      | Reached XP level 3. HP: 15/23 MP: 3/3
  1360 | D:1      | Reached ** piety under Trog
  1412 | D:1      | Reached skill level 2 in Maces & Flails
  1472 | D:1      | Found Plog's Weapon Shop.
  1932 | D:2      | Found Pufam's Antique Armour Shoppe.
  1955 | D:2      | Identified the +5 chain mail "Peeppal" {+Inv Fly Str+3}
  1980 | D:2      | Reached XP level 4. HP: 28/28 MP: 4/4
  2541 | D:3      | Reached skill level 3 in Maces & Flails
  2741 | D:3      | Reached XP level 5. HP: 20/32 MP: 5/5
  2742 | D:3      | Reached skill level 4 in Maces & Flails
  3746 | D:3      | Found a shimmering blue altar of Sif Muna.
  3756 | D:3      | Found a burning altar of Makhleb.
  3949 | D:4      | Noticed Blork the orc
  3961 | D:4      | Killed Blork the orc
  3962 | D:4      | Reached skill level 5 in Maces & Flails
  3962 | D:4      | Reached skill level 1 in Shields
  3962 | D:4      | Reached XP level 6. HP: 37/37 MP: 6/6
  4038 | D:4      | Reached *** piety under Trog
  4056 | D:4      | Found a glowing drain.
  4060 | Sewer    | Entered a sewer
  4775 | Sewer    | Reached skill level 6 in Maces & Flails
  4775 | Sewer    | Reached XP level 7. HP: 33/41 MP: 7/7
  4876 | Sewer    | Reached skill level 3 in Shields
  5381 | D:4      | Reached skill level 7 in Maces & Flails
  5626 | D:5      | Entered Level 5 of the Dungeon
  5636 | D:5      | Reached **** piety under Trog
  5738 | D:5      | Noticed Eustachio
  5799 | D:4      | Reached XP level 8. HP: 21/46 MP: 8/8
  5808 | D:4      | HP: 6/46 [shadow imp/nerve-wracking pain[Eustachio] (6)]
  5808 | D:4      | Killed from afar by a shadow imp

Levels and vault maps discovered:
D:1:      zelgadis_glass_arrival_small, layout_loops_ring, serial_shops,
          shop_fountains, minmay_misc_feat_alley, minmay_hedge_maze,
          amcnicky_mini_corridor_feature, grunt_decor_junction,
          minmay_hexomino_f4
D:2:      layout_loops_ring, serial_shops, nicolae_shop_trees,
          minmay_parallelograms, chequers_serial_rivers_micro_c
D:3:      layout_basic, mainiacjoe_overflow_catwalk_spiral, serial_bayou,
          serial_bayou_pond_a, serial_bayou_crossing, serial_bayou_pond_b,
          serial_bayou_pond_c
D:4:      layout_rooms, gup_sewer_entry_bowl, roderic_serpentine_path,
          uniq_blork_the_orc
D:5:      lemuel_insect_pit, layout_cave_pools, minmay_temple_entry_poolview,
          serial_shops, shop, minmay_shop_grid_forest, uniq_eustachio,
          uniq_pikel

Action                   |  1- 3 |  4- 6 |  7- 9 || total
-------------------------+-------+-------+-------++-------
Melee: Short sword       |    48 |       |       ||    48
       Whip              |    70 |       |       ||    70
       Punch             |     2 |     1 |       ||     3
       Flail             |    27 |   225 |    98 ||   350
Invok: Berserk           |       |     3 |       ||     3
       Trog's Hand       |       |     1 |       ||     1
  Use: Potion            |       |       |     1 ||     1
 Stab: Sleeping          |     2 |       |       ||     2
Armor: Animal skin       |    75 |       |       ||    75
       Chain mail        |     2 |   198 |    80 ||   280
Dodge: Dodged            |    95 |   121 |    35 ||   251
Block: Kite shield       |       |     7 |    56 ||    63
